 Dungeon Crawl Stone Soup version 0.20-a0-443-g0464b71 (webtiles) character file.

11923 PurpleRed the Destroyer (level 11, -11/64 HPs)
             Began as a Tengu Air Elementalist on Jan 6, 2017.
             Was a Believer of Vehumet.
             Mangled by Snorg (17 damage)
             ... on level 10 of the Dungeon.
             The game lasted 00:57:52 (15882 turns).

PurpleRed the Destroyer (Tengu Air Elementalist)   Turns: 15882, Time: 00:57:52

Health: -11/64     AC:  5    Str: 10    XL:     11   Next: 85%
Magic:  5/25       EV: 14    Int: 18    God:    Vehumet [**....]
Gold:   811        SH:  0    Dex: 18    Spells: 15/29 levels left

rFire  + . .     SeeInvis +     c - staff of air
rCold  . . .     Gourm    .     B - +1 leather armour of Hepliaklqana's Anger {rF+ Dex+4} (curse)
rNeg   . . .     Faith    .     (no shield)
rPois  .         Spirit   .     (helmet restricted)
rElec  +         Reflect  .     (no cloak)
rCorr  .         Harm     .     q - +0 pair of gloves
MR     .....                    (boots unavailable)
Stlth  ++........               (no amulet)
                                L - ring of see invisible
                                j - ring of wizardry

@: repel missiles
A: beak, talons 3, able to fly 1
a: Fly, Renounce Religion


You were on level 10 of the Dungeon.
You worshipped Vehumet.
Vehumet was pleased with you.
You were very hungry.

You visited 2 branches of the dungeon, and saw 11 of its levels.
You also visited: Sewer.

You collected 1036 gold pieces.
You spent 225 gold pieces at shops.

Inventory:

Hand Weapons
 a - the +3 rapier "Abigguc" {drain, MR+ Int+7}
   (You bought it in a shop on level 6 of the Dungeon)

   A truly terrible weapon, it drains the life of those it strikes.
   It affects your intelligence (+7).
   It affects your resistance to hostile enchantments.
 b - a +0 blowgun
 U - the +3 hunting sling "Sepifoij" {flame, MP+9 Str+4 Int+6 Dex-5, unknown}
   (You took it off an orc priest on level 10 of the Dungeon)

   It causes projectiles fired from it to burn those they strike, causing extra
   injury to most foes and up to half again as much damage against particularly
   susceptible opponents.
   It affects your strength (+4).
   It affects your intelligence (+6).
   It affects your dexterity (-5).
   It affects your magic capacity (+9).
Missiles
 p - 48 poisoned needles
 r - 3 curare-tipped needles
Armour
 q - a +0 pair of gloves (worn)
 B - the cursed +1 leather armour of Hepliaklqana's Anger (worn) {rF+ Dex+4}
   (You found it on level 8 of the Dungeon)

   It affects your dexterity (+4).
   It protects you from fire.
   It has a curse placed upon it.
 S - a +0 troll leather armour
Magical Staves
 c - an uncursed staff of air (weapon)
 H - an uncursed staff of fire
Jewellery
 j - a ring of wizardry (left hand)
 L - a ring of see invisible (right hand)
 P - an uncursed ring of positive energy
Wands
 i - a wand of disintegration (9/24)
 A - a wand of flame (18/48)
 F - a wand of lightning (8/15)
 K - a wand of digging (20/24)
 M - a wand of lightning (9/15)
Scrolls
 k - 3 scrolls of remove curse
 s - 2 scrolls of recharging
 t - 3 scrolls of teleportation
 w - 2 scrolls of fear
 x - a scroll of magic mapping
 y - a scroll of amnesia
Potions
 e - 6 potions of flight
 f - 2 potions of berserk rage
 h - 4 potions of mutation
 l - 2 potions of cure mutation
 m - a potion of might
 o - 2 potions of resistance
 u - a potion of lignification
 v - 2 potions of magic
 z - a potion of brilliance
 C - a potion of curing
 E - a potion of agility
 G - a potion of ambrosia {unknown}
 J - a potion of cancellation {unknown}
 N - a potion of heal wounds
Books
 n - a book of Air

   Spells                             Type                      Level
   a - Shock                          Conjuration/Air              1
   b - Swiftness                      Charms/Air                   2
   c - Repel Missiles                 Charms/Air                   2
   d - Static Discharge               Conjuration/Air              3
   e - Lightning Bolt                 Conjuration/Air              5
 R - a book of Enchantments

   Spells                             Type                      Level
   a - Cause Fear                     Hexes                        4
   b - Yara's Violent Unravelling     Hexes/Transmutation          5
   c - Silence                        Hexes/Air                    5
   d - Deflect Missiles               Charms/Air                   6
   e - Discord                        Hexes                        8
Miscellaneous
 I - a phantom mirror
 Q - a sack of spiders
Comestibles
 d - 29 fruits
 g - 11 meat rations
 D - 7 bread rations
 O - a beef jerky
 T - 4 chunks of flesh


   Skills:
 - Level 6.0 Fighting
 + Level 4.8 Dodging
 - Level 2.0 Stealth
 + Level 9.8 Spellcasting
 + Level 13.6 Conjurations
 + Level 4.2 Fire Magic
 - Level 10.0 Air Magic


You had 15 spell levels left.
You knew the following spells:

 Your Spells              Type           Power        Failure   Level  Hunger
a - Shock                 Conj/Air       ####         1%          1    None
b - Repel Missiles        Chrm/Air       #####.       1%          2    None
c - Swiftness             Chrm/Air       #####...     1%          2    None
d - Static Discharge      Conj/Air       ######..     1%          3    None
e - Lightning Bolt        Conj/Air       ######....   1%          5    #####..
f - Flame Tongue          Conj/Fire      #####        1%          1    None


Dungeon Overview and Level Annotations

Branches:
Dungeon (10/15)            Temple (1/1) D:7            Lair (0/6) D:10
    Orc: D:9-12

Altars:
Ashenzari
Cheibriados
Dithmenos
Elyvilon
Fedhas
Gozag
Hepliaklqana
Kikubaaqudgha
Makhleb
Nemelex Xobeh
Okawaru
Qazlal
Ru
Sif Muna
Trog
Uskayaw
Vehumet
Xom
Yredelemnul
Zin
The Shining One

Shops:
D:6 (

Portals:
Trove: D:10 (show slimy rune of Zot)

Annotations:
D:3 exclusion: oklob plant
D:10 Snorg


Innate Abilities, Weirdness & Mutations

You have a beak for a mouth.
You have claws for feet.
You can fly.


Message History

You hear a mighty clap of thunder!
The bolt of lightning hits Snorg.
Snorg is severely wounded.
The bolt of lightning hits Snorg.
Snorg is severely wounded.
Snorg barely misses you. Snorg claws you! Snorg barely misses you.
Casting: Lightning Bolt
Confirm with . or Enter, or press ? or * to list all spells.
Aiming: Lightning Bolt
Press: ? - help, Shift-Dir - straight line You feel a surge of power!
You hear a mighty clap of thunder!
The bolt of lightning misses Snorg. x2
You are feeling very hungry.
Snorg bites you!!
* * * LOW HITPOINT WARNING * * *
Snorg claws you!
* * * LOW HITPOINT WARNING * * *
Snorg claws you!
You die...

###### #####.##
.....# #...)).#
.....# #...)#######
.....# #..((#.....#
.....####....#.+++.#
.....'......)#.+∩+.#
.....####....#.'++.#
###### ####.#.....#
# #(###@### #
##...T.# #####
####..##### ....#
#....## ....#
##'#######
....###........#
....#.'.#'####.#
....'.#.#....#
....###.#....#


You could see Snorg (berserk).

Vanquished Creatures
  5 two-headed ogres
  The ghost of sacra the Cleaver, a novice DDFi of Hepliaklqana (D:10)
  The ghost of hoot the Cruncher, a novice MiGl of Okawaru (D:6)
  An ugly thing (D:9)
  Joseph (D:7)
  A troll (D:10)
  A hippogriff (D:10)
  6 yaks (D:9)
  A hungry ghost (D:10)
  Edmund (D:4)
  2 water moccasins
  5 sky beasts
  3 orc warriors
  A phantom (D:5)
  3 ice beasts
  9 ogres
  A black bear (D:9)
  2 centaurs
  Blork the orc (D:4)
  6 big kobolds
  4 bullfrogs
  2 gnoll sergeants
  3 scorpions
  A water moccasin skeleton (D:5)
  5 wights (D:8)
  2 howler monkeys
  2 crimson imps
  A bullfrog zombie (D:5)
  6 hounds
  5 orc priests
  A bullfrog skeleton (D:8)
  2 centaur skeletons
  4 gnoll shamans
  3 jellies
  An iguana (D:5)
  16 orc wizards
  2 merfolk sirens (Sewer)
  6 worker ants
  A howler monkey skeleton (D:4)
  23 gnolls
  12 adders
  3 river rats
  A shadow imp (D:8)
  2 adder skeletons (D:6)
  3 dart slugs
  8 leopard geckos
  40 orcs
  6 ball pythons
  6 bats
  8 giant cockroaches
  6 goblins
  15 hobgoblins
  9 jackals (D:1)
  23 kobolds
  5 quokkas
  13 frilled lizards
  2 quokka skeletons (D:4)
  29 rats
  A fungus (D:3)
  3 plants
337 creatures vanquished.

Vanquished Creatures (others)
  15 toadstools (D:3)
15 creatures vanquished.

Grand Total: 352 creatures vanquished

Notes
Turn   | Place    | Note
-------+----------+-------------------------------------------
     0 | D:1      | PurpleRed the Tengu Air Elementalist began the quest for the Orb.
     0 | D:1      | Reached XP level 1. HP: 10/10 MP: 4/4
    86 | D:1      | Reached skill level 2 in Conjurations
    89 | D:1      | Reached XP level 2. HP: 13/15 MP: 0/6
    93 | D:1      | Learned a level 2 spell: Repel Missiles
    96 | D:1      | Learned a level 2 spell: Swiftness
   467 | D:1      | Reached skill level 3 in Conjurations
   590 | D:1      | Reached XP level 3. HP: 15/19 MP: 1/8
  1124 | D:2      | Found a snail-covered altar of Cheibriados.
  1211 | D:2      | Reached XP level 4. HP: 18/24 MP: 5/9
  1222 | D:2      | Learned a level 3 spell: Static Discharge
  1413 | D:2      | Found a faded altar of an unknown god.
  1765 | D:2      | Reached skill level 4 in Conjurations
  2117 | D:2      | Gained mutation: You can fly. [Tengu growth]
  2117 | D:2      | Reached XP level 5. HP: 28/28 MP: 7/11
  2823 | D:3      | Found a blossoming altar of Fedhas.
  2915 | D:3      | Reached skill level 5 in Conjurations
  2978 | D:3      | Found a glowing drain.
  3061 | Sewer    | Entered a sewer
  3185 | Sewer    | Reached XP level 6. HP: 3/32 MP: 3/13
  3690 | Sewer    | Learned a level 5 spell: Lightning Bolt
  4535 | D:3      | Reached skill level 5 in Air Magic
  4868 | D:3      | Noticed an oklob plant
  5250 | D:4      | Noticed Blork the orc
  5260 | D:4      | Killed Blork the orc
  5260 | D:4      | Reached skill level 6 in Conjurations
  5260 | D:4      | Reached XP level 7. HP: 36/36 MP: 4/14
  6018 | D:4      | Noticed Edmund
  6099 | D:4      | Killed Edmund
  6472 | D:5      | Entered Level 5 of the Dungeon
  6586 | D:5      | Reached skill level 5 in Spellcasting
  6586 | D:5      | Reached skill level 7 in Conjurations
  6593 | D:5      | Reached XP level 8. HP: 24/41 MP: 4/16
  6756 | D:5      | You fall through a shaft for 3 floors!
  6924 | D:8      | Found a sand-covered staircase.
  6925 | D:8      | Found a shattered altar of Ashenzari.
  6925 | D:8      | Noticed a two-headed ogre
  6936 | D:8      | Found a glowing silver altar of Zin.
  7068 | D:8      | Killed a two-headed ogre
  7068 | D:8      | Reached skill level 9 in Conjurations
  7068 | D:8      | Reached XP level 9. HP: 40/45 MP: 7/19
  7957 | D:6      | Noticed hoot's ghost (novice MiGl)
  7963 | D:6      | Killed hoot's ghost
  7963 | D:6      | Reached skill level 10 in Conjurations
  8043 | D:6      | Found a glowing golden altar of the Shining One.
  8293 | D:6      | Found a bloodstained altar of Trog.
  8363 | D:5      | Reached skill level 10 in Air Magic
  8590 | D:5      | Reached skill level 1 in Fighting
  8851 | D:5      | Found a basalt altar of Yredelemnul.
  9217 | D:5      | Reached XP level 10. HP: 53/53 MP: 18/22
  9544 | D:6      | Found Picoihiv's Antique Weapon Shoppe.
  9552 | D:6      | Bought a jewelled rapier for 225 gold pieces
  9552 | D:6      | Identified the +3 rapier "Abigguc" {drain, MR+ Int+7} (You bought it in a shop on level 6 of the Dungeon)
  9637 | D:6      | Reached skill level 11 in Conjurations
  9921 | D:7      | Found a white marble altar of Elyvilon.
 10034 | D:7      | Found a staircase to the Ecumenical Temple.
 10057 | Temple   | Entered the Ecumenical Temple
 10193 | Temple   | Became a worshipper of Vehumet
 10509 | D:7      | Found a hide-covered altar of Uskayaw.
 10538 | D:7      | Noticed Joseph
 10553 | D:7      | Killed Joseph
 10894 | D:8      | Got an encrusted leather armour
 10918 | D:8      | Identified the cursed +1 leather armour of Hepliaklqana's Anger {rF+ Dex+4} (You found it on level 8 of the Dungeon)
 11197 | D:8      | Noticed a two-headed ogre
 11198 | D:8      | Noticed a two-headed ogre
 11228 | D:8      | Killed a two-headed ogre
 11328 | D:8      | Killed a two-headed ogre
 11328 | D:8      | Reached skill level 5 in Fighting
 11328 | D:8      | Reached skill level 12 in Conjurations
 12400 | D:6      | Reached * piety under Vehumet
 12400 | D:6      | Offered knowledge of Flame Tongue by Vehumet.
 12400 | D:6      | Reached XP level 11. HP: 64/64 MP: 14/24
 12999 | D:7      | Learned a level 1 spell: Flame Tongue
 13298 | D:9      | Noticed a brown ugly thing
 13302 | D:9      | Killed a brown ugly thing
 13302 | D:9      | Offered knowledge of Freeze by Vehumet.
 13302 | D:9      | Reached skill level 1 in Fire Magic
 14029 | D:9      | Reached skill level 13 in Conjurations
 14033 | D:9      | Reached ** piety under Vehumet
 14564 | D:9      | Noticed a two-headed ogre
 14567 | D:9      | Killed a two-headed ogre
 14707 | D:9      | Found a basalt altar of Yredelemnul.
 14873 | D:10     | Entered Level 10 of the Dungeon
 14873 | D:10     | Noticed Snorg
 14966 | D:10     | Found a staircase to the Lair.
 14971 | D:10     | Noticed sacra's ghost (novice DDFi)
 14993 | D:10     | Killed sacra's ghost
 15714 | D:10     | Got a bone hunting sling
 15747 | D:10     | Noticed a two-headed ogre
 15749 | D:10     | Killed a two-headed ogre
 15872 | D:10     | Found a portal to a secret trove of treasure.
 15882 | D:10     | Mangled by Snorg

Vault maps used:
D:1:      dpeg_arrival_rhombi
D:2:      kennysheep_slug_shrine, chequers_ecumenical_altar_lobes
D:3:      tgw_fedhas, gup_sewer_entry_bubbles
D:4:      first_bread, nrook_loot_triangle, uniq_edmund, uniq_blork_the_orc
D:5:      basic_altar, kennysheep_generic_room_15
D:6:      kennysheep_housing_project, kennysheep_mini, serial_shops, shop,
          grunt_ministairs_12, nicolae_tso_swordbearing_angel
D:7:      elyvilon_altar_5, lemuel_crystal_altar, uniq_joseph
D:8:      nicolae_overflow_crystal_walls, cheibrodos_ashenzari_chains,
          nicolae_ossuary_entry_ruins, blue_anna_alchemist
D:9:      overflow_temple_1_default, dk_noncrumbling_4
D:10:     lair_entry_dummy, enter_trove_6, uniq_snorg
Temple:   oiseaux_autumnal_temple
Sewer:    sewer_sea

Skill      XL: |  1  2  3  4  5  6  7  8  9 10 11 |
---------------+----------------------------------+-----
Conjurations   | 2 3 4 5 6 7 9 10 12 13 | 13.6
Spellcasting   | 3 4 5 6 7 8 9 |  9.8
Air Magic      | 5 6 8 10 | 10.0
Fighting       | 2 5 6 |  6.0
Fire Magic     | 4 |  4.2
Dodging        | 4 |  4.8
Stealth        | |  2.0

Action                   |  1- 3 |  4- 6 |  7- 9 | 10-12 || total
-------------------------+-------+-------+-------+-------++-------
Melee: Unarmed           |     6 |       |       |       ||     6
       Kick              |     2 |     5 |     1 |    33 ||    41
       Short sword       |       |    51 |    13 |     5 ||    69
       Peck              |       |     6 |     2 |    28 ||    36
       Rapier            |       |       |       |    98 ||    98
       Staff             |       |       |       |     3 ||     3
 Fire: Blowgun           |       |       |       |    50 ||    50
 Cast: Shock             |    55 |   148 |   180 |   151 ||   534
       Repel Missiles    |     1 |     1 |       |     3 ||     5
       Lightning Bolt    |       |     2 |    18 |    67 ||    87
       Static Discharge  |       |       |       |    23 ||    23
       Swiftness         |       |       |       |     1 ||     1
 Abil: Fly               |       |     4 |       |     1 ||     5
  Use: Scroll            |     4 |     4 |     8 |     7 ||    23
       Potion            |       |       |     2 |     1 ||     3
 Stab: Distracted        |       |     2 |       |       ||     2
       Sleeping          |       |     3 |       |       ||     3
  Eat: Chunk             |     1 |    13 |    17 |    27 ||    58
       Fruit             |       |       |     3 |     7 ||    10
Armor: Robe              |     2 |    13 |     4 |     5 ||    24
       Skin              |       |       |     3 |       ||     3
       Leather armour    |       |       |       |    33 ||    33
Dodge: Dodged            |    18 |    42 |    46 |   114 ||   220
       Deflected         |       |     1 |     3 |     5 ||     9
